 Dungeon Crawl Stone Soup version 0.20.1-1-g8b1a95d66d (webtiles) character file.

47 Pixllover the Firebug (level 3, 0/26 HPs)
             Began as a Hill Orc Fire Elementalist on Dec 15, 2017.
             Slain by a kobold (1 damage)
             ... on level 2 of the Dungeon on Dec 16, 2017.
             The game lasted 00:11:38 (1875 turns).

Pixllover the Firebug (Hill Orc Fire Elementalist)  Turns: 1875, Time: 00:11:38

Health: 0/26       AC:  6    Str: 10    XL:     3   Next: 70%
Magic:  1/5        EV: 10    Int: 16    God:
Gold:   97         SH:  0    Dex: 11    Spells: 1/5 levels left

rFire    + . .     SeeInvis .   (no weapon)
rCold    + . .     Gourm    .   (no shield)
rNeg     . . .     Faith    .   e - +1 ring mail {rC+}
rPois    .         Spirit   .   (no helmet)
rElec    .         Reflect  .   (no cloak)
rCorr    .         Harm     .   (no gloves)
MR       .....                  (no boots)
Stlth    +.........             (no amulet)
Regen    0.1/turn               k - ring of protection from fire
MPRegen  0.1/turn               (no ring)

@: very slightly contaminated, drained
A: no striking features
a: no special abilities


You were on level 2 of the Dungeon.
You were not hungry.

You visited 1 branch of the dungeon, and saw 2 of its levels.

You collected 97 gold pieces.

Inventory:

Armour
 a - a +0 robe
 d - a +0 ring mail
 e - a +1 ring mail of cold resistance (worn)
Jewellery
 k - a ring of protection from fire (left hand)
Scrolls
 g - a scroll of remove curse
Potions
 f - a potion of ambrosia {unknown}
 h - a potion of curing {unknown}
 j - a potion of berserk rage {unknown}
Books
 b - a book of Flames

   Spells                             Type                      Level
   a - Flame Tongue                   Conjuration/Fire             1
   b - Throw Flame                    Conjuration/Fire             2
   c - Conjure Flame                  Conjuration/Fire             3
   d - Inner Flame                    Hexes/Fire                   3
   e - Sticky Flame                   Conjuration/Fire             4
   f - Fireball                       Conjuration/Fire             5
Comestibles
 c - a bread ration
 i - 2 meat rations
 l - 2 chunks of flesh


   Skills:
 + Level 0.7(0.3) Armour
 + Level 1.9(1.5) Dodging
 + Level 1.6(1.2) Stealth
 + Level 1.3(0.9) Unarmed Combat
 + Level 1.9(1.5) Spellcasting
 + Level 1.2(0.8) Conjurations
 + Level 3.8(3.4) Fire Magic


You had one spell level left.
You knew the following spells:

 Your Spells              Type           Power        Failure   Level  Hunger
a - Flame Tongue          Conj/Fire      #....        24%         1    ##.....
b - Conjure Flame         Conj/Fire      #.......     56%         3    ####...


Dungeon Overview and Level Annotations

Branches:
Dungeon (2/15)

Altars:

Annotations:
D:2 Sigmund, Terence


Message History

Confirm with . or Enter, or press ? or * to list all spells.
Aiming: Flame Tongue
Press: ? - help, Shift-Dir - straight line, f/p - Sigmund
Aim: Sigmund, wielding a scythe and wearing a leather armour (moderately wounded)
You miscast Flame Tongue.
You are very lightly contaminated with residual magic.
Nothing appears to happen.
Sigmund hits you with a scythe.
* * * LOW HITPOINT WARNING * * *
The kobold hits you but does no damage. The kobold hits you with a club.
* * * LOW HITPOINT WARNING * * *
The kobold hits you but does no damage.
Casting: Flame Tongue
Confirm with . or Enter, or press ? or * to list all spells.
Aiming: Flame Tongue
Press: ? - help, Shift-Dir - straight line, f/p - Sigmund
Aim: Sigmund, wielding a scythe and wearing a leather armour (moderately wounded)
The flame tongue hits Sigmund.
Sigmund is heavily wounded.
Terence barely misses you. The kobold hits you.
You die...

#####.# #%##.[#
#.....# #.##..#
####.....###.....#
...........K.....#
..........#####.(#
###.......# #..#
#.##.##.#
#.K#######
#.##.##.#
#@KK......
#.##.##.#
#K@######.
.....##.# #w@#
#.##.##.# #..#
#.##.# .. ...#
.#... .....? ##
#.#. .# #.


You could see Sigmund, Terence, a dart slug and 4 kobolds.

Vanquished Creatures
  An adder (D:2)
  An ooze (D:1)
  A dart slug (D:1)
  2 leopard geckos (D:1)
  2 goblins (D:1)
  5 hobgoblins
  4 jackals (D:2)
  2 bats
  A frilled lizard (D:1)
  6 kobolds
  3 rats
28 creatures vanquished.

Vanquished Creatures (others)
  4 fungi (D:2)
  10 toadstools (D:2)
14 creatures vanquished.

Grand Total: 42 creatures vanquished

Notes
Turn   | Place    | Note
-------+----------+-------------------------------------------
     0 | D:1      | Pixllover the Hill Orc Fire Elementalist began the quest for the Orb.
     0 | D:1      | Reached XP level 1. HP: 14/14 MP: 3/3
   229 | D:1      | Reached XP level 2. HP: 15/20 MP: 0/4
  1048 | D:1      | Reached XP level 3. HP: 26/26 MP: 3/5
  1325 | D:2      | Reached skill level 1 in Unarmed Combat
  1627 | D:2      | Learned a level 3 spell: Conjure Flame
  1742 | D:2      | Noticed Terence
  1868 | D:2      | Noticed Sigmund
  1874 | D:2      | HP: 1/26 [kobold/club (2)]
  1875 | D:2      | Slain by a kobold

Skill      XL: |  1  2  3 |
---------------+----------+-----
Unarmed Combat | 1 |  1.3
Armour         | |  0.7
Dodging        | |  1.9
Stealth        | |  1.6
Spellcasting   | |  1.9
Conjurations   | |  1.2
Fire Magic     | |  3.8

Action                   || total
-------------------------++-------
Melee: Unarmed           ||    84
 Cast: Flame Tongue      ||    38
  Use: Scroll            ||     3
  Eat: Chunk             ||     4
Armor: Ring mail         ||    70
Dodge: Dodged            ||    98
